[Event "Titled Tuesday Blitz April 11 Late 2023"]
[White "Hirneise, Jens"]
[Black "Ronka, Erik"]
[WhiteFideId "24614734"]
[BlackFideId "505080"]
[WhiteElo "2345"]
[BlackElo "2264"]
[Result "1/2-1/2"]
[Round "04"]
[TimeControl "180+2"]
[Date "2023.04.11"]
[WhiteClock "0:00:15"]
[BlackClock "0:00:04"]

1. b3 a6 2. a4 b6 3. Bb2 Bb7 4. Nf3 c5 5. g3 Bxf3 6. exf3 Nc6 7. f4 Nf6 8. Bg2 Rc8 9. O-O e6 10. Re1 Be7 11. d3 O-O 12. Nd2 Ne8 13. h4 Bf6 14. Bxf6 Nxf6 15. h5 h6 16. Ne4 d5 17. Nc3 Nd4 18. Ne2 Nxe2+ 19. Qxe2 Qd6 20. Bf3 Rfd8 21. Qe5 Qxe5 22. fxe5 Nd7 23. c3 Kf8 24. Kg2 Ke7 25. g4 Rc7 26. Kg3 f6 27. exf6+ Nxf6 28. Re5 Kd6 29. Rae1 Re8 30. g5 hxg5 31. Rxg5 b5 32. axb5 axb5 33. c4 bxc4 34. bxc4 Rce7 35. Rb1 dxc4 36. dxc4 Nd7 37. Ra1 Rb8 38. Rd1+ Kc7 39. Re1 Rb4 40. Kg2 Rxc4 41. Rb1 Rb4 42. Ra1 Kd6 43. Ra7 c4 44. Rga5 c3 45. Ra1 Rc4 46. Rd1+ Ke5 47. Re1+ Kf6 48. Rc1 Ne5 49. Ra3 Rec7 50. Be2 R4c5 51. f4 Nf7 52. Kg3 Nh6 53. Bd3 Nf5+ 54. Kf3 Nd4+ 55. Ke3 Nf5+ 56. Kf3 Ne7 57. Rc2 Nd5 58. Ra4 Nb6 59. Rb4 Nd5 60. Rd4 Ne7 61. Re4 Rxh5 62. Kg2 Rhc5 63. Re3 Nf5 64. Re4 Rd5 65. Be2 Rd2 66. Rxd2 cxd2 67. Kf2 Rc2 68. Bd1 Rc1 69. Ke2 Rc5 70. Kxd2 Nd6 71. Ra4 Rd5+ 72. Ke2 Nf5 73. Ke1 Rd4 74. Rxd4 Nxd4 75. Kf2 Kf5 76. Ke3 Nc6 77. Bc2+ Kf6 78. Bf5 Ne7 79. Be4 Nf5+ 80. Kf3 Nd6 81. Bd3 Nf7 82. Kg4 Nd8 83. Kf3 Nc6 84. Kg3 Nb4 85. Be4 Na6 86. Kg4 Nc5 87. Bc2 Nd7 88. Kg3 Kf7 89. Kg4 g6 90. Kg5 Nf8 91. Bd3 Nh7+ 92. Kh6 Nf8 93. Be4 Kf6 94. Bd3 Nd7 95. Bxg6 Nc5 96. Bc2 e5 97. fxe5+ Kxe5 1/2-1/2


[Site "https://www.chess.com"]

[Event "Titled Tuesday Blitz April 11 Late 2023"]
[White "Ismagilov, Damir"]
[Black "Mordechai, Hanan"]
[WhiteFideId "34199982"]
[BlackFideId "2804166"]
[WhiteElo "2078"]
[BlackElo "2324"]
[Result "1-0"]
[Round "04"]
[TimeControl "180+2"]
[Date "2023.04.11"]
[WhiteClock "0:00:29"]
[BlackClock "0:00:05"]

1. d4 Nf6 2. Bf4 c5 3. e3 Qb6 4. Nc3 cxd4 5. exd4 g6 6. Nf3 Bg7 7. Rb1 O-O 8. Be2 d5 9. O-O Nc6 10. Na4 Qd8 11. c3 Nh5 12. Bg5 h6 13. Bh4 g5 14. Bg3 Nxg3 15. hxg3 Bf5 16. Nc5 Bxb1 17. Qxb1 b6 18. Nd3 Qd6 19. Re1 a5 20. Qd1 b5 21. Nde5 Rab8 22. Bd3 b4 23. Bc2 Nxe5 24. dxe5 Qc5 25. Qd3 Rfc8 26. Qh7+ Kf8 27. Nd4 e6 28. Nb3 Qc7 29. Re3 bxc3 30. bxc3 Rb6 31. Nd4 Qc4 32. Rf3 Rc7 33. Bg6 Qxa2 34. Rf6 Qa1+ 35. Kh2 Qxc3 36. Bxf7 Rxf7 37. Nxe6+ Rxe6 38. Rxe6 Qc8 39. Qg6 a4 40. Rc6 Qe8 41. Qd6+ Kg8 42. Qc5 Kh7 43. Qc2+ Kg8 44. Rc8 Rf8 45. Rxe8 Rxe8 46. Qxa4 Rxe5 47. Qa8+ Kh7 48. Qc6 Kg8 49. Qd7 Kh7 50. Qd8 Kg6 51. f4 gxf4 52. gxf4 Rh5+ 53. Kg3 d4 54. Qe8+ 1-0


[Site "https://www.chess.com"]

[Event "Titled Tuesday Blitz April 11 Late 2023"]
[White "Cori T., Deysi"]
[Black "Senthilkumar, Pranav"]
[WhiteFideId "3801934"]
[BlackFideId "2083477"]
[WhiteElo "2292"]
[BlackElo "1860"]
[Result "1-0"]
[Round "04"]
[TimeControl "180+2"]
[Date "2023.04.11"]
[WhiteClock "0:00:34"]
[BlackClock "0:00:06"]

1. Nf3 Nf6 2. c4 e6 3. g3 d5 4. Bg2 Be7 5. O-O O-O 6. b3 c5 7. cxd5 exd5 8. d4 Nc6 9. Bb2 b6 10. Nc3 Bb7 11. Rc1 Rc8 12. dxc5 bxc5 13. Na4 Na5 14. Bh3 Rc6 15. Ne5 Rc7 16. Qd2 Nc6 17. Nd3 c4 18. Nf4 cxb3 19. axb3 d4 20. Bg2 Re8 21. Nc5 Bxc5 22. Rxc5 Ne4 23. Bxe4 Rxe4 24. Rfc1 Re8 25. h4 a6 26. Rg5 h6 27. Rgc5 Qd6 28. Ba3 Qd7 29. Rd5 Qc8 30. Rdc5 Qd7 31. Nd5 Rcc8 32. Qf4 Ne7 33. Nxe7+ Rxe7 34. Rxc8+ Bxc8 35. Bxe7 Qxe7 1-0


[Site "https://www.chess.com"]

[Event "Titled Tuesday Blitz April 11 Late 2023"]
[White "Harriott, Tyrell"]
[Black "Rosen, Eric"]
[WhiteFideId "2086484"]
[BlackFideId "2032562"]
[WhiteElo "2107"]
[BlackElo "2331"]
[Result "0-1"]
[Round "04"]
[TimeControl "180+2"]
[Date "2023.04.11"]
[WhiteClock "0:00:03"]
[BlackClock "0:00:38"]

1. d4 d5 2. e3 Nf6 3. Bd3 c5 4. c3 Nc6 5. f4 Bg4 6. Ne2 e6 7. Nd2 Bd6 8. O-O O-O 9. Nf3 Bf5 10. Ng3 Bg6 11. f5 exf5 12. Nxf5 c4 13. Bc2 Re8 14. N3h4 Ne4 15. Qg4 b5 16. a3 a5 17. Qe2 Qg5 18. Bd2 Bc7 19. Rae1 Bh5 20. g4 Bxg4 21. Qg2 Nxd2 22. Rf2 Ne4 23. Bxe4 Rxe4 24. h3 h6 25. Kh1 Bxf5 26. Nxf5 Qxg2+ 27. Rxg2 g6 28. Nxh6+ Kg7 29. Nf5+ Kf6 30. Ng3 Bxg3 31. Rxg3 Rae8 32. Kg2 b4 33. axb4 axb4 34. Ra1 bxc3 35. bxc3 Rxe3 36. Ra6 Rxg3+ 37. Kxg3 Re6 38. Kf4 Nxd4 39. Ra5 Ne2+ 40. Kf3 Nxc3 41. Rc5 Ke5 42. Rc7 Kd4 43. Rxf7 Kd3 44. Rd7 d4 45. h4 Ne4 46. Kf4 c3 47. Rc7 c2 48. Kg4 Nc3 49. h5 gxh5+ 50. Kxh5 c1=Q 51. Kg4 Qg1+ 52. Kf3 Re3+ 53. Kf4 Qg3+ 54. Kf5 Re5+ 55. Kf6 Qg5+ 56. Kf7 Rf5+ 57. Ke6 Qg6+ 58. Kd7 Rf7+ 59. Kc8 Qa6+ 60. Kd8 Qd6+ 61. Kc8 Qxc7# 0-1


[Site "https://www.chess.com"]

[Event "Titled Tuesday Blitz April 11 Late 2023"]
[White "Alexikov, Alexander"]
[Black "Goroshkov, Maksym"]
[WhiteFideId "14103958"]
[BlackFideId "14142716"]
[WhiteElo "2186"]
[BlackElo "2322"]
[Result "0-1"]
[Round "04"]
[TimeControl "180+2"]
[Date "2023.04.11"]
[WhiteClock "0:00:01"]
[BlackClock "0:01:28"]

1. e4 e5 2. Nf3 d6 3. d4 Bg4 4. dxe5 Nd7 5. exd6 Bxd6 6. Nc3 Ngf6 7. h3 Bh5 8. Bg5 Qe7 9. Bd3 O-O-O 10. Qe2 h6 11. Nd5 Qe6 12. Nf4 Bxf4 13. Bxf4 Rhe8 14. O-O Nxe4 15. Rfe1 Nec5 16. Qxe6 Rxe6 17. Rxe6 fxe6 18. Bc4 Bxf3 19. gxf3 e5 20. Be3 Nb6 21. Be2 Ne6 22. Rd1 Nf4 23. Rxd8+ Kxd8 24. Bd1 Nxh3+ 25. Kg2 Nf4+ 26. Kg3 g5 27. Kg4 Nc4 28. Bc1 Nd6 29. b3 Ke7 30. c4 Kf6 31. Bc2 h5+ 32. Kg3 Nf5+ 33. Bxf5 Kxf5 34. Be3 a6 35. Kh2 e4 0-1


[Site "https://www.chess.com"]

[Event "Titled Tuesday Blitz April 11 Late 2023"]
[White "Perez Rodriguez, Jennifer"]
[Black "Bilan, Danila"]
[WhiteFideId "3507831"]
[BlackFideId "24161918"]
[WhiteElo "2116"]
[BlackElo "2182"]
[Result "1-0"]
[Round "04"]
[TimeControl "180+2"]
[Date "2023.04.11"]
[WhiteClock "0:00:29"]
[BlackClock "0:00:04"]

1. c4 c6 2. Nf3 d5 3. e3 Nf6 4. b3 Bg4 5. Be2 e6 6. Bb2 Nbd7 7. O-O Bd6 8. d4 Ne4 9. Ne5 Bxe2 10. Qxe2 O-O 11. f3 Nef6 12. Nd2 c5 13. f4 cxd4 14. exd4 Rc8 15. Rae1 Bb4 16. Rd1 Bxd2 17. Qxd2 Ne4 18. Qd3 f5 19. h3 Re8 20. Kh2 Nxe5 21. fxe5 g6 22. Rc1 Qg5 23. Rc2 Rc6 24. Bc1 Qh4 25. g3 Qd8 26. Be3 Re7 27. Rfc1 Rec7 28. c5 Rc8 29. b4 R6c7 30. b5 Rf7 31. a4 Qf8 32. c6 bxc6 33. Rxc6 Rfc7 34. Rxc7 Rxc7 35. Rxc7 Qb4 36. Bh6 Qb2+ 37. Qc2 Qa3 38. Rc8+ Kf7 39. Qc7+ 1-0


[Site "https://www.chess.com"]

[Event "Titled Tuesday Blitz April 11 Late 2023"]
[White "Gutkin, Ilya"]
[Black "Omelja, Artem"]
[WhiteFideId "16203470"]
[BlackFideId "14119846"]
[WhiteElo "2265"]
[BlackElo "2404"]
[Result "0-1"]
[Round "04"]
[TimeControl "180+2"]
[Date "2023.04.11"]
[WhiteClock "0:00:03"]
[BlackClock "0:01:01"]

1. Nf3 c5 2. c4 Nf6 3. d4 cxd4 4. Nxd4 d6 5. Nc3 Bd7 6. e4 Nc6 7. Be3 g6 8. Be2 Bg7 9. O-O O-O 10. Qd2 Rc8 11. f3 a6 12. Rab1 Qa5 13. Nc2 Ne5 14. b4 Qc7 15. Na3 b5 16. Nd5 Nxd5 17. cxd5 f5 18. f4 Ng4 19. Bxg4 fxg4 20. Rbc1 Qb7 21. Bd4 Bh6 22. g3 e5 23. dxe6 Bxe6 24. Qe2 Rxc1 25. Rxc1 Rc8 26. Rxc8+ Qxc8 27. Qc2 Qxc2 28. Nxc2 Bxa2 29. Kf2 Bb1 30. Ne3 Bg7 31. Bxg7 Kxg7 32. e5 dxe5 33. fxe5 Bf5 34. Nd5 Kf7 35. Ke3 Ke6 36. Kd4 Kd7 37. Nf6+ Kc6 38. Nxh7 Kb6 39. Ng5 a5 40. bxa5+ Kxa5 41. e6 Kb6 42. e7 Bd7 43. Kd5 b4 44. Kd6 Ba4 0-1


[Site "https://www.chess.com"]

[Event "Titled Tuesday Blitz April 11 Late 2023"]
[White "Przybylski, Wojciech"]
[Black "Seletsky, Grigory"]
[WhiteFideId "1117599"]
[BlackFideId "14112191"]
[WhiteElo "2222"]
[BlackElo "2490"]
[Result "1-0"]
[Round "04"]
[TimeControl "180+2"]
[Date "2023.04.11"]
[WhiteClock "0:00:15"]
[BlackClock "0:00:03"]

1. e4 e6 2. d4 d5 3. Nc3 Nc6 4. Bb5 Nf6 5. e5 Nd7 6. f4 a6 7. Be2 Ne7 8. Nf3 c5 9. Be3 Nc6 10. Qd2 Be7 11. f5 O-O 12. f6 gxf6 13. Bh6 cxd4 14. Nxd4 fxe5 15. Nxc6 bxc6 16. O-O f5 17. Kh1 Rf6 18. Bh5 f4 19. Bg5 Rf5 20. Bxe7 Qxe7 21. Bg4 Rg5 22. Bh3 Bb7 23. Rae1 c5 24. Ne2 Rf8 25. Ng1 d4 26. Nf3 Bxf3 27. gxf3 Kh8 28. Rg1 Rfg8 29. Rxg5 Rxg5 30. Rg1 Rxg1+ 31. Kxg1 Nf8 32. Qe2 Qg7+ 33. Kf1 Qf6 34. Qxa6 Ng6 35. Qxe6 Qh4 36. Qg4 Qe7 37. Qc8+ Kg7 38. Qd7 Qxd7 39. Bxd7 Kf6 40. a4 Nf8 41. Bb5 Ke7 42. a5 Nd7 43. a6 Kd6 44. a7 Nb6 45. Bd3 1-0


[Site "https://www.chess.com"]

[Event "Titled Tuesday Blitz April 11 Late 2023"]
[White "Alimpic, Aleksa"]
[Black "Taboas Rodriguez, Daniel"]
[WhiteFideId "974323"]
[BlackFideId "2208466"]
[WhiteElo "2273"]
[BlackElo "2365"]
[Result "0-1"]
[Round "04"]
[TimeControl "180+2"]
[Date "2023.04.11"]
[WhiteClock "0:00:01"]
[BlackClock "0:00:25"]

1. d4 Nf6 2. c4 g6 3. Nc3 Bg7 4. e4 O-O 5. Be2 d6 6. Be3 Nc6 7. d5 Ne5 8. f4 Neg4 9. Bd2 e5 10. h3 Nh6 11. fxe5 Nh5 12. Nf3 Ng3 13. Rg1 f5 14. Bg5 Qe8 15. Qd2 fxe4 16. Bxh6 exf3 17. gxf3 Nxe2 18. Nxe2 Qxe5 19. Bxg7 Kxg7 20. O-O-O Bf5 21. Nd4 Rae8 22. Rde1 Qf6 23. Nxf5+ Qxf5 24. Qd4+ Qf6 25. Qg4 Re5 26. h4 Qxf3 27. Qd7+ Rf7 28. Qc8 Qf4+ 29. Kb1 Qf5+ 30. Qxf5 Rfxf5 31. Rxe5 Rxe5 32. Kc2 Re4 33. Kd3 Rxh4 34. Re1 Kf6 35. Re8 Rh3+ 36. Kd4 Rh2 37. Kc3 h5 38. Rc8 h4 0-1


[Site "https://www.chess.com"]

[Event "Titled Tuesday Blitz April 11 Late 2023"]
[White "Dobre, Claudiu-Cristian"]
[Black "Buchenau, Frank"]
[WhiteFideId "1211854"]
[BlackFideId "4604350"]
[WhiteElo "2207"]
[BlackElo "2157"]
[Result "1-0"]
[Round "04"]
[TimeControl "180+2"]
[Date "2023.04.11"]
[WhiteClock "0:00:44"]
[BlackClock "0:00:29"]

1. e4 e6 2. d4 d5 3. exd5 exd5 4. Bd3 Bd6 5. Qf3 Nf6 6. h3 Nc6 7. c3 Be6 8. Ne2 Qd7 9. Nf4 O-O-O 10. O-O Rhe8 11. Nxe6 fxe6 12. Bf4 e5 13. dxe5 Nxe5 14. Bxe5 Rxe5 15. Nd2 Rde8 16. Rfd1 Kb8 17. Bf1 Rf5 18. Qd3 c6 19. c4 Bc7 20. Nf3 Rf4 21. cxd5 Nxd5 22. Qxh7 Qf7 23. Bd3 Bb6 24. Bg6 Qf8 25. Bxe8 1-0


[Site "https://www.chess.com"]

[Event "Titled Tuesday Blitz April 11 Late 2023"]
[White "Araujo Sanchez, Josue"]
[Black "Ward, Ieuan C"]
[WhiteFideId "6416896"]
[BlackFideId "406627"]
[WhiteElo "2420"]
[BlackElo "2028"]
[Result "1-0"]
[Round "04"]
[TimeControl "180+2"]
[Date "2023.04.11"]
[WhiteClock "0:01:03"]
[BlackClock "0:00:12"]

1. d4 Nf6 2. Nf3 e6 3. e3 d5 4. b3 Be7 5. Bb2 O-O 6. Nbd2 b6 7. Bd3 Bb7 8. O-O Nbd7 9. Ne5 Ne4 10. f4 f6 11. Nef3 f5 12. c4 Ndf6 13. Rc1 Rc8 14. cxd5 exd5 15. Ne5 Nxd2 16. Qxd2 Ne4 17. Qe2 Bd6 18. Kh1 Qh4 19. Rf3 c5 20. Rg1 cxd4 21. Bxd4 Bc5 22. Bxe4 dxe4 23. Qc4+ Kh8 24. Rh3 Qf6 25. Nd7 Qe7 26. Nxf8 Qxf8 27. Bxc5 Rxc5 28. Qe6 Ba6 29. Qg6 Qg8 30. g4 Bc8 31. g5 Ba6 32. Rd1 Bd3 33. Kg1 Rc2 34. Qxf5 Rxa2 35. g6 h6 36. Qe5 Rc2 37. Rxh6+ Qh7 38. Rxh7+ Kg8 39. Qxg7# 1-0


[Site "https://www.chess.com"]

[Event "Titled Tuesday Blitz April 11 Late 2023"]
[White "Grot, Blazej"]
[Black "Marcziter, Dmitrii"]
[WhiteFideId "21835845"]
[BlackFideId "13900765"]
[WhiteElo "1823"]
[BlackElo "2162"]
[Result "1-0"]
[Round "04"]
[TimeControl "180+2"]
[Date "2023.04.11"]
[WhiteClock "0:00:02"]
[BlackClock "0:00:01"]

1. e4 c5 2. Nc3 a6 3. g3 b5 4. Bg2 Bb7 5. d3 e6 6. Be3 Nc6 7. Qd2 Nf6 8. h3 d5 9. exd5 exd5 10. d4 b4 11. Nce2 c4 12. c3 Be7 13. Nf3 O-O 14. O-O a5 15. Rad1 h6 16. Ne5 Bd6 17. Bf4 Ne4 18. Bxe4 Bxe5 19. Bg2 Bf6 20. h4 Re8 21. Rfe1 Ne7 22. Be3 Nf5 23. Nf4 Qd6 24. Nh5 Be7 25. Nf4 Bf8 26. Bh3 Nxe3 27. Rxe3 Rxe3 28. Qxe3 Bc6 29. Bg2 Re8 30. Qf3 Re4 31. Qg4 Re8 32. Qf3 Re4 33. Qh5 Rxf4 34. gxf4 Qxf4 35. Re1 Bd6 36. Kf1 g6 37. Qf3 Qxh4 38. Qh3 Qd8 39. Qxh6 Bf8 40. Qe3 Qh4 41. Qg3 Qf6 42. Qf3 Qg5 43. Qg3 Qh6 44. Qc7 Ba4 45. Bxd5 Qg7 46. Bg2 Bc2 47. Re8 Bd3+ 48. Ke1 Qf6 49. Rxf8+ 1-0


[Site "https://www.chess.com"]

[Event "Titled Tuesday Blitz April 11 Late 2023"]
[White "Jarocka, Liwia"]
[Black "Luo, Terry"]
[WhiteFideId "21807558"]
[BlackFideId "30931045"]
[WhiteElo "2013"]
[BlackElo "2265"]
[Result "0-1"]
[Round "04"]
[TimeControl "180+2"]
[Date "2023.04.11"]
[WhiteClock "0:01:35"]
[BlackClock "0:02:27"]

1. f4 d5 2. g3 g6 3. Bg2 Bg7 4. Nf3 c5 5. O-O Nc6 6. c3 Nf6 7. d3 O-O 8. Be3 b6 9. Nbd2 Bb7 10. Bf2 Re8 11. h3 e5 12. fxe5 Nxe5 13. Nxe5 Rxe5 14. Re1 Qd7 15. Qc2 Rae8 16. e4 dxe4 17. dxe4 Qe6 18. Qa4 Nxe4 19. Nxe4 Bxe4 20. Bxe4 Rxe4 21. Rxe4 Qxe4 22. Qxa7 Qc6 23. Re1 Rxe1+ 24. Bxe1 h5 25. Qb8+ Kh7 26. Qf4 Qe6 27. Qf1 Qxa2 28. Qe2 Qe6 29. Qf1 b5 30. Qxb5 Qxe1+ 0-1


[Site "https://www.chess.com"]

[Event "Titled Tuesday Blitz April 11 Late 2023"]
[White "Gschnitzer, Adrian"]
[Black "Bach, Matthias"]
[WhiteFideId "1270337"]
[BlackFideId "4603168"]
[WhiteElo "2338"]
[BlackElo "2130"]
[Result "1-0"]
[Round "04"]
[TimeControl "180+2"]
[Date "2023.04.11"]
[WhiteClock "0:01:23"]
[BlackClock "0:00:37"]

1. c4 Nf6 2. Nc3 e6 3. e4 d5 4. cxd5 exd5 5. e5 Ne4 6. Nxe4 dxe4 7. Qa4+ Bd7 8. Qxe4 Bc5 9. Qxb7 Bc6 10. Bb5 Bxb5 11. Qxb5+ Nd7 12. Nf3 O-O 13. d4 Rb8 14. Qe2 Bb4+ 15. Bd2 Bxd2+ 16. Qxd2 Nb6 17. b3 f6 18. O-O Qd5 19. Qc3 fxe5 20. dxe5 Qb7 21. Rac1 Nd5 22. Qc6 Nf4 23. Qxb7 Rxb7 24. Rc2 Re8 25. Re1 Re7 26. g3 Nd5 27. Rc5 Nb4 28. Re2 Nd3 29. Rd5 c6 30. Rxd3 1-0


[Site "https://www.chess.com"]

[Event "Titled Tuesday Blitz April 11 Late 2023"]
[White "Goltseva, Ekaterina"]
[Black "Hoffmann, Asa"]
[WhiteFideId "24173770"]
[BlackFideId "2001470"]
[WhiteElo "2200"]
[BlackElo "2117"]
[Result "0-1"]
[Round "04"]
[TimeControl "180+2"]
[Date "2023.04.11"]
[WhiteClock "0:00:11"]
[BlackClock "0:00:48"]

1. Nf3 d6 2. e4 Bg4 3. Be2 Nf6 4. d3 c6 5. Be3 e6 6. Nbd2 d5 7. e5 Nfd7 8. d4 c5 9. c3 Nc6 10. O-O Be7 11. h3 Bh5 12. Re1 O-O 13. Nf1 Qb6 14. Rb1 Bg6 15. Bd3 cxd4 16. cxd4 Rac8 17. Bxg6 hxg6 18. b4 a6 19. a3 Na7 20. Qb3 Nb5 21. Rec1 Nb8 22. Ng3 Rc6 23. Rxc6 Nxc6 24. Ne2 Rc8 25. Rc1 Nca7 26. Rxc8+ Nxc8 27. Ne1 Qc6 28. Nd3 Nb6 29. Nc5 Nc4 30. a4 Na7 31. Nc3 b5 32. a5 Bxc5 33. bxc5 Qc7 34. Ne2 Qxa5 35. Bg5 Qe1+ 36. Kh2 Qxe2 37. Qg3 Qe4 38. Bd8 Nc6 39. Qg5 N4xe5 40. dxe5 Qxe5+ 41. Qxe5 Nxe5 42. Ba5 Nc6 43. Bd2 b4 44. Kg3 a5 45. Kf3 a4 46. Ke2 a3 47. Bc1 e5 48. Kd3 f5 49. Kc2 Kf7 50. Kb3 Ke6 51. Ka4 d4 52. Kb5 Kd5 53. f4 e4 54. g4 e3 55. gxf5 gxf5 56. h4 e2 57. Bd2 a2 58. h5 a1=Q 59. h6 Qa5# 0-1


[Site "https://www.chess.com"]

[Event "Titled Tuesday Blitz April 11 Late 2023"]
[White "Ferreira, Vitor Hugo Vieira"]
[Black "Ozalp, Burak"]
[WhiteFideId "2119765"]
[BlackFideId "6314210"]
[WhiteElo "2146"]
[BlackElo "2106"]
[Result "0-1"]
[Round "04"]
[TimeControl "180+2"]
[Date "2023.04.11"]
[WhiteClock "0:01:32"]
[BlackClock "0:00:23"]

1. Nf3 g6 2. g3 Bg7 3. Bg2 e5 4. O-O Nc6 5. c4 Nge7 6. Nc3 O-O 7. Rb1 a5 8. a3 d6 9. b4 axb4 10. axb4 Nf5 11. b5 Ncd4 12. Ne1 Rb8 13. e3 Ne6 14. Nc2 h5 15. Bb2 h4 16. Nd5 c6 17. bxc6 bxc6 18. Ndb4 hxg3 19. hxg3 Bd7 20. Nxc6 Bxc6 21. Bxc6 Nc5 22. d4 exd4 23. exd4 Ne6 24. Bd5 Qg5 25. Qd3 Nf4 26. Qf3 Nh3+ 27. Kg2 Nh4+ 28. Kxh3 Nxf3 29. Bxf3 Qf5+ 30. Kg2 Qxc2 31. Rfc1 Rxb2 32. Rxc2 Rxc2 33. Bd5 Bxd4 34. Rb7 Bc5 35. Kh3 Rxf2 36. Rb3 Kg7 37. Kg4 Rh8 38. Rf3 f5+ 39. Kf4 Rxf3+ 40. Kxf3 Kf6 0-1


[Site "https://www.chess.com"]

[Event "Titled Tuesday Blitz April 11 Late 2023"]
[White "Pasti, Aron"]
[Black "Rose, Felix"]
[WhiteFideId "785857"]
[BlackFideId "5105722"]
[WhiteElo "2173"]
[BlackElo "2039"]
[Result "1-0"]
[Round "04"]
[TimeControl "180+2"]
[Date "2023.04.11"]
[WhiteClock "0:00:33"]
[BlackClock "0:00:06"]

1. e4 c5 2. Nf3 e6 3. d3 Nc6 4. g3 Nf6 5. Bg2 d6 6. O-O Be7 7. c3 O-O 8. Re1 e5 9. d4 cxd4 10. cxd4 Bg4 11. d5 Nd4 12. Nbd2 Rc8 13. Rb1 Qa5 14. a3 Qb5 15. Nxd4 exd4 16. Bf3 Bh3 17. Nb3 d3 18. Nd4 Qc4 19. Be3 Nd7 20. Rc1 Qa6 21. Qd2 Ne5 22. Bg2 Bxg2 23. Kxg2 Bf6 24. Nf5 Rfe8 25. Bd4 Rxc1 26. Rxc1 h6 27. f4 Nd7 28. Bxf6 Nxf6 29. e5 dxe5 30. fxe5 Rxe5 31. Re1 Rxe1 32. Qxe1 Qb6 33. d6 Qxb2+ 34. Kh1 d2 35. Qd1 Qc1 36. Ne3 Qxd1+ 37. Nxd1 Kf8 38. Kg2 Ke8 39. Kf2 Kd7 40. Ke3 Kxd6 41. Kxd2 Ke5 42. Ke3 Ng4+ 43. Kd3 Nxh2 44. Ne3 h5 45. Nc4+ Kd5 46. Ne3+ Ke6 47. Ke4 Ng4 48. Nc4 f5+ 49. Kf4 Nf6 50. Na5 b6 51. Nc6 a5 52. Nd8+ Kd7 53. Nf7 g6 54. Ne5+ Ke6 55. Nxg6 Ne4 56. Nf8+ Kf6 57. Nd7+ Kg6 58. Nxb6 a4 59. Nxa4 Nc3 60. Nxc3 1-0


[Site "https://www.chess.com"]

[Event "Titled Tuesday Blitz April 11 Late 2023"]
[White "Kostiukov, Alexandr"]
[Black "Forgacs, Attila Jr."]
[WhiteFideId "14108100"]
[BlackFideId "773654"]
[WhiteElo "2202"]
[BlackElo "2168"]
[Result "0-1"]
[Round "04"]
[TimeControl "180+2"]
[Date "2023.04.11"]
[WhiteClock "0:00:41"]
[BlackClock "0:00:59"]

1. g3 g6 2. Bg2 Bg7 3. c4 Nf6 4. Nf3 O-O 5. O-O d6 6. d4 Nc6 7. Nc3 e5 8. h3 Re8 9. e4 exd4 10. Nxd4 Nxd4 11. Qxd4 Nxe4 12. Qd1 Nxc3 13. bxc3 Bxc3 14. Rb1 Rb8 15. Be3 b6 16. Qa4 a5 17. Bc6 Bxh3 18. Rfc1 Rxe3 19. fxe3 Be5 20. Kh2 Qh4 21. c5 Qxg3+ 22. Kh1 0-1


[Site "https://www.chess.com"]

[Event "Titled Tuesday Blitz April 11 Late 2023"]
[White "Romero Ruscalleda, Josep"]
[Black "Vovk, Orest"]
[WhiteFideId "2231859"]
[BlackFideId "14113490"]
[WhiteElo "2183"]
[BlackElo "2215"]
[Result "0-1"]
[Round "04"]
[TimeControl "180+2"]
[Date "2023.04.11"]
[WhiteClock "0:00:13"]
[BlackClock "0:00:58"]

1. e4 g5 2. d4 g4 3. Qxg4 d5 4. Qe2 dxe4 5. Qxe4 Nf6 6. Qd3 Nc6 7. Nf3 Bg4 8. c3 Qd5 9. Be2 O-O-O 10. Bf4 Rg8 11. O-O e5 12. Bg5 e4 13. Qe3 exf3 14. Bxf6 fxe2 15. Re1 Be7 16. Bxe7 Rde8 17. Nd2 Rxe7 18. Qg3 f5 19. f3 f4 20. Qxf4 Rf7 21. Qe4 Bxf3 22. Qxd5 Rxg2+ 23. Kh1 Bxd5 0-1


[Site "https://www.chess.com"]

[Event "Titled Tuesday Blitz April 11 Late 2023"]
[White "Reprintsev, Alexander"]
[Black "Sarkar, Justin"]
[WhiteFideId "14100541"]
[BlackFideId "2010011"]
[WhiteElo "2211"]
[BlackElo "2189"]
[Result "1-0"]
[Round "04"]
[TimeControl "180+2"]
[Date "2023.04.11"]
[WhiteClock "0:01:00"]
[BlackClock "0:00:02"]

1. e4 c5 2. b3 Nc6 3. Bb2 e5 4. f4 exf4 5. Qf3 Qh4+ 6. g3 fxg3 7. hxg3 Qg5 8. Bc4 Nf6 9. Bxf6 gxf6 10. Ne2 Ne5 11. Qf4 Bd6 12. Qxg5 fxg5 13. Rh6 Nxc4 14. bxc4 Be5 15. c3 Ke7 16. d4 Bg7 17. Rh5 h6 18. Nd2 d6 19. Rh2 Bg4 20. Nb3 Rac8 21. Rc1 b6 22. Kd2 Rc7 23. Rf2 Rhc8 24. Rcf1 Ke8 25. d5 Be5 26. a4 a5 27. Nbc1 Re7 28. Nd3 Bd7 29. Nxe5 dxe5 30. Rf6 Bxa4 31. Rxb6 1-0


[Site "https://www.chess.com"]

[Event "Titled Tuesday Blitz April 11 Late 2023"]
[White "Erzhanov, Arman"]
[Black "Prieto Aranguren, Alain"]
[WhiteFideId "4138821"]
[BlackFideId "2268906"]
[WhiteElo "2138"]
[BlackElo "2209"]
[Result "1-0"]
[Round "04"]
[TimeControl "180+2"]
[Date "2023.04.11"]
[WhiteClock "0:00:12"]
[BlackClock "0:00:04"]

1. e4 c6 2. d4 d5 3. exd5 cxd5 4. c4 Nf6 5. Nc3 e6 6. c5 Be7 7. Nf3 O-O 8. Qc2 b6 9. b4 a5 10. Na4 Nc6 11. Nxb6 Nxb4 12. Qd1 Rb8 13. a3 Nc6 14. Bf4 Rb7 15. Nxc8 Qxc8 16. Ba6 Nh5 17. Be3 f5 18. O-O f4 19. Bd2 Rf5 20. Re1 g5 21. h3 Nf6 22. Bxb7 Qxb7 23. Rxe6 Ne4 24. Qa4 Rf6 25. Rxc6 Rxc6 26. Bxa5 Kg7 27. Bb4 Bf6 28. Rd1 Re6 29. Rc1 Rc6 30. Ne5 Bxe5 31. dxe5 h5 32. Qd1 Qf7 33. f3 Ng3 34. Rc2 Qf5 35. Rd2 Re6 36. Rxd5 g4 37. fxg4 Qe4 38. Rd7+ Kg6 39. Qd3 1-0


[Site "https://www.chess.com"]

[Event "Titled Tuesday Blitz April 11 Late 2023"]
[White "Tworuszka, Michal"]
[Black "Alahakoon, Isuru"]
[WhiteFideId "1117858"]
[BlackFideId "9900993"]
[WhiteElo "2260"]
[BlackElo "1995"]
[Result "0-1"]
[Round "04"]
[TimeControl "180+2"]
[Date "2023.04.11"]
[WhiteClock "0:00:02"]
[BlackClock "0:00:18"]

1. e4 d5 2. exd5 Qxd5 3. Nc3 Qa5 4. d4 Nf6 5. Bc4 Bg4 6. Nf3 Nc6 7. h3 Bh5 8. g4 Bg6 9. Bd2 O-O-O 10. d5 Nb4 11. Bb3 e6 12. dxe6 fxe6 13. a3 Nc6 14. Bxe6+ Kb8 15. b4 Qb6 16. O-O Nxb4 17. axb4 Qxe6 18. Nb5 a6 19. Nbd4 Qd7 20. b5 axb5 21. c3 h5 22. g5 Ne4 23. Qb3 Nxd2 24. Qa2 c6 25. Qa7+ Kc7 26. Nxd2 Qxh3 27. Qa5+ Kd7 28. N2f3 Bd6 29. Rad1 Be4 30. Ne5+ Bxe5 31. Nf5+ Ke6 32. Nxg7+ Bxg7 33. f3 Qg3+ 34. Kh1 Bxf3+ 35. Rxf3 Qxf3+ 0-1


[Site "https://www.chess.com"]

[Event "Titled Tuesday Blitz April 11 Late 2023"]
[White "Lesbekova, Assel"]
[Black "Santos Flores, Alberto"]
[WhiteFideId "13713248"]
[BlackFideId "3601234"]
[WhiteElo "1799"]
[BlackElo "2235"]
[Result "1-0"]
[Round "04"]
[TimeControl "180+2"]
[Date "2023.04.11"]
[WhiteClock "0:01:20"]
[BlackClock "0:00:16"]

1. e4 c5 2. Nf3 Nc6 3. Bb5 g6 4. Bxc6 dxc6 5. O-O Bg7 6. h3 e5 7. c3 Qe7 8. d4 cxd4 9. cxd4 exd4 10. Nxd4 Nf6 11. Nc3 O-O 12. Re1 Rd8 13. Qa4 Qc7 14. Bg5 b5 15. Ndxb5 cxb5 16. Nxb5 Qc5 17. e5 Bd7 18. exf6 Qxg5 19. fxg7 Qxb5 20. Qf4 Kxg7 21. Re7 Be6 22. Re1 Bxa2 23. h4 h5 24. g4 hxg4 25. Qxg4 Re8 26. Qd4+ Kg8 27. Qe4 Be6 28. Rxe6 fxe6 29. Qxg6+ Kf8 30. Qf6+ Kg8 31. Re5 Qxe5 32. Qxe5 Kf7 33. h5 Rh8 34. Qc7+ Kf6 35. Qf4+ Ke7 36. Qg5+ Kd6 37. Kf1 Raf8 38. h6 Rf5 39. Qg7 Rhf8 40. Qg3+ e5 41. h7 R5f7 42. Ke1 Ke6 43. Qg8 Ke7 44. h8=Q Rxf2 45. Qxe5+ Kd7 46. Qge6+ Kd8 47. Qb8# 1-0


[Site "https://www.chess.com"]